Map: Sito di ricerca JD-2

Players

AdleR

  • Race: Protoss Protoss
  • Spawn Location: 3:00

TanahEystos

  • Race: Terran Terran
  • Spawn Location: 12:00

Magicairfafa

  • Race: Terran Terran
  • Spawn Location: 1:00

Kiddsforever

  • Race: Protoss Protoss
  • Spawn Location: 12:00

Sarge - Winner!

  • Race: Protoss Protoss
  • League: Silver
  • Spawn Location: 7:00

Jhyrachy - Winner!

  • Race: Zerg Zerg
  • League: Gold
  • Spawn Location: 6:00

TheBest - Winner!

  • Race: Terran Terran
  • Spawn Location: 6:00

Konrad - Winner!

  • Race: Protoss Protoss
  • League: Silver
  • Spawn Location: 7:00

VOD

Have the link to the VOD?

Description

Time

  • Played on: April 17, 2016, 6:09 p.m.
  • Length: 15:31
Show
View Real Time Build Order
Export as new Build Order

AdleR Protoss 

Build Orders: Nexus First 

Get SALT Encoding   

  12  0:41  Nexus  
  12  0:50  Pylon  
  12  0:56  Probe (Chrono Boost)  
  13  1:06  Probe (Chrono Boost)  
  14  1:17  Probe (Chrono Boost)  
  15  1:22  Forge  
  15  1:27  Probe (Chrono Boost)  
  15  1:32  Pylon  
  16  1:38  Probe (Chrono Boost)  
  17  1:40  Pylon  
  17  1:48  Probe (Chrono Boost)  
  17  1:53  Probe (Chrono Boost)  
  19  1:59  Probe (Chrono Boost)  
  20  2:04  Probe (Chrono Boost)  
  20  2:07  Photon Cannon  
  21  2:09  Probe (Chrono Boost)  
  22  2:25  Probe (Chrono Boost)  
  23  2:35  Probe (Chrono Boost)  
  24  2:44  Photon Cannon  
  24  2:46  Probe (Chrono Boost), Photon Cannon  
  24  2:48  Photon Cannon  
  25  2:56  Probe (Chrono Boost), Photon Cannon  
  26  3:05  Photon Cannon  
  26  3:07  Probe (Chrono Boost)  
  26  3:12  Photon Cannon  
  27  3:16  Probe (Chrono Boost)  
  28  3:21  Probe (Chrono Boost)  
  29  3:27  Assimilator, Probe (Chrono Boost)  
  29  3:32  Probe (Chrono Boost)  
  31  3:38  Probe (Chrono Boost)  
  32  3:42  Nexus  
  32  3:48  Assimilator, Probe (Chrono Boost)  
  33  3:52  Assimilator  
  33  3:53  Assimilator  
  33  4:03  Assimilator  
  33  4:05  Probe (Chrono Boost)  
  34  4:10  Probe (Chrono Boost)  
  34  4:16  Probe (Chrono Boost)  
  36  4:21  Probe (Chrono Boost), Gateway  
  37  4:26  Probe (Chrono Boost)  
  37  4:28  Assimilator  
  38  4:32  Probe (Chrono Boost)  
  38  4:37  Probe (Chrono Boost)  
  40  4:42  Probe (Chrono Boost)  
  41  4:47  Probe (Chrono Boost)  
  43  4:53  Probe (Chrono Boost)  
  43  4:54  Probe (Chrono Boost)  
  43  4:58  Probe (Chrono Boost)  
  45  5:03  Probe (Chrono Boost)  
  45  5:05  Probe (Chrono Boost)  
  47  5:13  Cybernetics Core  
  47  5:15  Probe (Chrono Boost)  
  47  5:17  Pylon  
  47  5:19  Pylon  
  48  5:22  Pylon  
  48  5:24  Pylon  
  48  5:27  Pylon  
  49  5:28  Probe (Chrono Boost)  
  49  5:29  Pylon  
  49  5:31  Pylon  
  49  5:33  Pylon  
  49  5:39  Probe (Chrono Boost)  
  50  5:55  Stargate  
  50  5:56  Stargate  
  50  5:59  Stargate  
  50  6:00  Stargate  
  50  6:02  Stargate  
  50  6:05  Pylon  
  50  6:08  Pylon  
  50  6:13  Pylon  
  50  6:16  Pylon  
  50  6:17  Pylon  
  50  6:20  Pylon  
  50  6:21  Pylon  
  50  6:23  Pylon  
  50  6:39  Void Ray  
  54  6:40  Void Ray  
  54  6:42  Void Ray  
  54  6:44  Void Ray  
  66  6:48  Void Ray  
  66  6:51  Probe (Chrono Boost)  
  71  7:02  Probe (Chrono Boost)  
  72  7:12  Probe (Chrono Boost)  
  73  7:21  Void Ray  
  77  7:23  Probe (Chrono Boost), Void Ray  
  77  7:25  Void Ray  
  77  7:29  Void Ray  
  90  7:33  Probe (Chrono Boost)  
  90  7:36  Void Ray  
  95  8:04  Void Ray  
  99  8:06  Void Ray  
  99  8:08  Void Ray  
  99  8:12  Void Ray  
  111  8:19  Void Ray  
  115  8:47  Void Ray  
  119  8:49  Void Ray  
  119  8:50  Void Ray  
  119  8:55  Void Ray  
  131  9:02  Void Ray  
  135  9:03  Photon Cannon  
  135  9:34  Void Ray  
  135  9:35  Void Ray  
  135  9:36  Void Ray  
  147  9:56  Void Ray x2  
  155  10:17  Void Ray  
  159  11:00  Void Ray x4  
  159  11:01  Void Ray  
  109  12:10  Nexus  
  109  12:36  Void Ray  
  109  12:37  Void Ray x3  
  109  13:22  Void Ray x3  
Show
View Real Time Build Order
Export as new Build Order

TanahEystos Terran 

Build Orders: MMM Bio 

Get SALT Encoding   

  12  0:15  Supply Depot  
  12  0:16  SCV  
  12  0:21  Refinery  
  13  0:28  SCV  
  14  0:41  SCV  
  15  0:51  Barracks  
  15  0:53  SCV  
  16  1:05  Refinery, SCV  
  17  1:20  Barracks  
  17  1:35  Barracks  
  17  1:41  Reaper  
  18  1:57  Supply Depot  
  18  2:01  SCV  
  19  2:08  Reaper  
  20  2:16  Reaper  
  21  2:24  Reaper  
  22  2:31  Engineering Bay  
  22  2:36  SCV  
  23  2:40  Reaper  
  24  2:48  Reaper  
  25  2:56  Reaper  
  21  4:30  Barracks Reactor, Barracks Tech Lab  
  21  4:31  Barracks Reactor  
  21  4:33  Orbital Command, Factory  
  21  4:42  Terran Infantry Weapons Level 1  
  21  4:47  Missile Turret  
  21  4:49  Command Center  
  21  4:50  Combat Shields  
  21  4:53  Marauder  
  23  5:04  SCV  
  24  5:09  Marine x2  
  24  5:10  Marine x2  
  28  5:17  SCV  
  29  5:29  SCV  
  30  5:55  Starport  
  30  5:56  Starport  
  30  5:59  Supply Depot  
  30  6:01  Marauder, Marine  
  33  6:10  Stimpack  
  33  6:16  SCV  
  35  6:18  SCV  
  35  6:23  Factory Tech Lab  
  35  6:32  Missile Turret  
  35  6:36  Terran Infantry Armor Level 1  
  35  6:39  Medivac  
  37  6:42  SCV  
  37  6:47  Medivac  
  40  6:58  Missile Turret, SCV  
  41  7:05  Marauder, Marine  
  41  7:07  Marine  
  45  7:09  Medivac  
  47  7:26  Armory  
  47  7:27  Marauder, Marine x2  
  47  7:28  Marine x2  
  53  7:36  Orbital Command  
  53  7:39  SCV  
  54  7:56  Supply Depot  
  54  8:00  Supply Depot  
  54  8:17  SCV  
  54  8:18  Orbital Command, Marauder  
  57  8:49  Missile Turret  
  35  10:58  Terran Infantry Weapons Level 2  
  35  11:00  Medivac x2  
  35  11:03  Marauder, Marine x4  
  43  11:21  Marine x2  
  43  11:24  Marauder  
  47  11:45  Marauder  
  48  12:02  Barracks  
  48  12:07  Marauder  
  48  12:08  Barracks  
  50  12:28  Marauder  
  52  12:31  Orbital Command  
  52  12:46  Marine x4  
  52  12:50  Marauder  
  58  13:00  Missile Turret, Refinery  
  58  13:03  Marine, SCV x2  
  61  13:15  SCV x2  
  58  13:21  Missile Turret  
  21  13:55  Command Center  
  17  15:01  Orbital Command  
Show
View Real Time Build Order
Export as new Build Order

Magicairfafa Terran 

Build Orders: MMM Bio 

Get SALT Encoding   

  12  0:02  SCV  
  13  0:15  SCV  
  14  0:23  Supply Depot  
  14  0:27  SCV  
  15  0:44  SCV  
  15  0:48  Barracks  
  16  0:56  SCV  
  17  1:15  Command Center  
  17  1:25  Refinery  
  17  1:36  Orbital Command  
  17  1:46  Supply Depot  
  17  1:48  Marine  
  18  2:05  Barracks  
  18  2:06  SCV  
  19  2:09  Marine  
  20  2:20  Supply Depot  
  21  2:22  SCV  
  21  2:27  Refinery  
  21  2:32  SCV  
  21  2:35  Marine, SCV  
  24  2:47  SCV  
  25  2:51  Factory  
  25  2:59  SCV  
  25  3:03  Orbital Command  
  26  3:08  Marine  
  26  3:12  Barracks Reactor  
  27  3:17  Barracks  
  27  3:32  Barracks Tech Lab  
  27  3:41  Factory Reactor  
  27  3:55  Starport  
  27  3:59  Combat Shields  
  27  4:01  Marine  
  28  4:04  Marauder  
  28  4:08  Barracks Reactor  
  30  4:12  SCV  
  31  4:20  Refinery  
  31  4:21  SCV  
  32  4:30  SCV  
  33  4:32  Marauder  
  33  4:33  Marine x2, SCV  
  33  4:37  Starport Reactor  
  38  4:42  SCV  
  38  4:43  Widow Mine x2  
  38  4:45  SCV  
  44  5:01  Refinery, SCV  
  45  5:09  Marine  
  45  5:10  Marine  
  45  5:13  Marauder, SCV  
  50  5:14  Marine x2, Supply Depot  
  50  5:18  Stimpack  
  52  5:23  Medivac x2  
  52  5:25  SCV  
  57  5:34  Marauder  
  59  5:37  SCV  
  60  5:46  Marine x2  
  60  5:49  SCV  
  63  5:54  Engineering Bay  
  63  5:55  Marauder  
  65  6:01  SCV x2  
  67  6:11  Engineering Bay  
  67  6:12  Marine x2  
  67  6:13  Marine x2  
  67  6:16  Marine  
  67  6:17  Armory  
  72  6:30  Medivac x2  
  76  6:38  Marine x2, Barracks  
  78  6:48  Terran Infantry Weapons Level 1  
  78  6:50  Terran Infantry Armor Level 1  
  78  6:59  Supply Depot  
  78  7:01  Supply Depot  
  78  7:20  Marine x5  
  78  7:22  Supply Depot  
  83  7:24  Supply Depot  
  83  7:27  Barracks Reactor  
  83  7:38  Marine x4  
  83  7:40  Supply Depot  
  87  7:48  Medivac x2  
  87  7:50  Marine  
  92  7:56  Marine x4  
  96  8:01  Barracks  
  96  8:02  Supply Depot  
  96  8:07  Marine  
  97  8:22  Marine x3  
  97  8:23  Marine x3  
  97  8:25  Marine  
  104  8:40  Marine x2  
  106  8:45  Supply Depot  
  106  8:48  Supply Depot  
  106  8:51  Barracks Reactor  
  106  8:53  Medivac x2  
  110  9:16  Marine  
  110  9:17  Marine x6  
  117  9:34  Marine x2  
  117  9:35  Marine x5  
  124  9:45  Supply Depot  
  124  9:48  Supply Depot  
  124  9:52  Marine  
  125  10:08  Supply Depot  
  125  10:26  Terran Infantry Weapons Level 2  
  125  10:28  Terran Infantry Armor Level 2  
  48  11:19  Marine  
  48  11:20  Marine x6  
  55  11:37  Marine  
  55  11:38  Marine x6  
  55  11:55  Marine x2  
  55  11:56  Marine x5  
  62  12:13  Marine x6  
  62  12:14  Marine x3  
  71  12:31  Marine x9  
  80  12:48  Marine  
  80  12:49  Marine x8  
  72  13:06  Marine x2  
  72  13:07  Marine x2  
Show
View Real Time Build Order
Export as new Build Order

Kiddsforever Protoss 

Build Orders:  

Get SALT Encoding   

  12  0:40  Pylon  
  12  0:44  Probe (Chrono Boost)  
  13  0:54  Probe (Chrono Boost)  
  14  1:03  Gateway x2  
  14  1:05  Probe (Chrono Boost)  
  15  1:14  Gateway  
  15  1:15  Probe (Chrono Boost)  
  16  1:26  Probe (Chrono Boost)  
  16  1:30  Pylon x2  
  17  1:35  Pylon  
  17  1:49  Assimilator  
  17  1:51  Probe (Chrono Boost)  
  18  1:54  Assimilator  
  18  2:01  Probe (Chrono Boost)  
  19  2:12  Probe (Chrono Boost)  
  20  2:18  Cybernetics Core  
  20  2:22  Probe (Chrono Boost)  
  21  2:23  Forge  
  21  2:27  Pylon  
  21  2:41  Probe (Chrono Boost)  
  22  2:52  Probe (Chrono Boost)  
  23  3:05  Nexus  
  23  3:06  Warp Gate  
  23  3:13  Assimilator  
  23  3:18  Assimilator  
  23  3:21  Probe (Chrono Boost)  
  24  3:32  Probe (Chrono Boost)  
  25  3:43  Probe (Chrono Boost)  
  26  3:48  Gateway  
  26  3:52  Gateway  
  26  3:53  Probe (Chrono Boost)  
  27  4:03  Gateway  
  27  4:04  Probe (Chrono Boost)  
  28  4:13  Twilight Council  
  28  4:21  Probe (Chrono Boost)  
  30  4:31  Probe (Chrono Boost)  
  30  4:33  Protoss Ground Weapons Level 1  
  30  4:42  Probe (Chrono Boost)  
  31  5:01  Dark Shrine  
  31  5:02  Pylon  
  31  5:03  Pylon  
  31  5:05  Pylon  
  31  5:22  Pylon  
  31  5:44  Pylon  
  31  5:45  Pylon  
  31  5:49  Pylon  
  31  5:50  Pylon  
  31  5:51  Pylon  
  31  6:15  Forge  
  31  6:17  Forge  
  31  6:22  Photon Cannon  
  31  6:25  Photon Cannon  
  31  6:37  Photon Cannon  
  31  6:40  Photon Cannon  
  31  6:41  Probe (Chrono Boost)  
  31  6:43  Photon Cannon  
  32  6:51  Protoss Ground Weapons Level 2  
  32  6:52  Probe (Chrono Boost)  
  33  7:02  Probe (Chrono Boost)  
  34  7:12  Robotics Facility  
  34  7:13  Probe (Chrono Boost)  
  35  7:20  Dark Templar  
  37  7:23  Probe (Chrono Boost)  
  37  7:25  Dark Templar  
  40  7:33  Dark Templar  
  40  7:34  Probe (Chrono Boost)  
  43  7:37  Dark Templar  
  43  7:43  Dark Templar  
  47  7:44  Probe (Chrono Boost)  
  48  7:55  Dark Templar  
  48  7:56  Dark Templar  
  52  8:07  Dark Templar  
  54  8:18  Dark Templar x3  
  60  8:50  Dark Templar x4  
  60  9:31  Stalker  
  60  9:32  Stalker x4  
  60  9:33  Stalker  
  73  9:38  Observer  
  74  10:00  Observer  
  74  10:26  Protoss Ground Weapons Level 3  
  74  10:29  Dark Templar x5  
  74  10:30  Dark Templar  
  84  10:56  Warp Prism  
  72  12:07  Stalker x3  
  72  12:08  Stalker x3  
  82  12:20  Observer  
  83  12:42  Observer  
  83  12:43  Gateway x2  
  84  12:45  Gateway  
  84  12:47  Gateway  
  84  12:50  Gateway  
  84  12:54  Gateway  
  84  12:59  Stalker x2  
  84  13:00  Stalker x4  
  94  13:48  Stalker x4  
  98  13:49  Stalker x2  
Show
View Real Time Build Order
Export as new Build Order

Sarge Protoss - Winner!

Build Orders:  

Get SALT Encoding   

  12  0:01  Probe (Chrono Boost)  
  13  0:20  Probe (Chrono Boost)  
  14  0:31  Probe (Chrono Boost)  
  15  0:43  Pylon  
  15  1:01  Probe (Chrono Boost)  
  16  1:07  Gateway  
  16  1:08  Assimilator  
  16  1:12  Probe (Chrono Boost)  
  17  1:19  Gateway  
  17  1:21  Pylon  
  17  1:23  Probe (Chrono Boost)  
  18  1:28  Assimilator  
  18  1:33  Probe (Chrono Boost)  
  19  1:44  Probe (Chrono Boost)  
  20  1:48  Forge  
  20  1:54  Probe (Chrono Boost)  
  21  2:03  Pylon  
  21  2:04  Pylon  
  21  2:05  Probe (Chrono Boost)  
  22  2:23  Cybernetics Core  
  22  2:26  Protoss Ground Weapons Level 1 (Chrono Boost)  
  22  2:46  Probe  
  23  3:05  Photon Cannon, Pylon  
  23  3:10  Photon Cannon, Warp Gate (Chrono Boost)  
  23  3:14  Adept  
  23  3:16  Stalker  
  27  3:33  Photon Cannon  
  27  3:47  Adept  
  27  4:01  Stalker  
  29  4:14  Adept  
  31  4:24  Nexus  
  31  4:36  Pylon  
  31  4:40  Pylon  
  31  4:41  Stalker  
  33  4:50  Pylon  
  33  5:07  Gateway  
  33  5:11  Gateway  
  33  5:12  Protoss Ground Armor Level 1  
  32  5:22  Stalker  
  34  5:56  Probe  
  34  6:02  Photon Cannon  
  35  6:06  Photon Cannon  
  35  6:08  Probe, Photon Cannon  
  36  6:12  Probe  
  37  6:20  Probe  
  37  6:21  Assimilator  
  37  6:23  Probe  
  39  6:26  Assimilator  
  39  6:33  Probe  
  40  6:46  Probe, Robotics Facility  
  40  6:49  Pylon  
  41  6:56  Probe  
  42  7:17  Probe  
  42  7:22  Probe  
  44  7:26  Pylon  
  44  7:27  Probe  
  44  7:28  Stalker x2  
  49  7:33  Protoss Shields Level 1  
  49  7:34  Probe, Observer  
  51  7:38  Probe  
  52  7:46  Probe  
  52  7:48  Probe  
  54  7:56  Twilight Council  
  54  7:58  Probe  
  55  7:59  Probe  
  56  8:09  Probe  
  56  8:10  Probe  
  58  8:17  Immortal (Chrono Boost)  
  62  8:20  Probe  
  62  8:22  Probe  
  64  8:30  Probe  
  65  8:39  Charge  
  65  8:41  Probe  
  66  8:51  Probe  
  66  8:52  Immortal (Chrono Boost)  
  66  8:55  Pylon  
  71  8:56  Pylon  
  71  9:02  Probe  
  71  9:03  Adept  
  71  9:04  Adept x2  
  78  9:15  Gateway  
  78  9:18  Gateway  
  78  9:20  Pylon  
  76  9:26  Protoss Ground Weapons Level 2 (Chrono Boost)  
  76  9:30  Adept  
  76  9:31  Adept x2  
  66  9:51  Stalker  
  66  9:52  Stalker x2  
  70  9:58  Pylon  
  70  10:01  Pylon  
  70  10:13  Pylon  
  70  10:14  Pylon  
  70  10:19  Stalker x4  
  74  10:41  Photon Cannon  
  74  10:42  Photon Cannon  
  72  10:54  Observer (Chrono Boost)  
  70  10:58  Blink  
  67  11:13  Probe  
  67  11:14  Probe  
  69  11:23  Probe  
  53  11:26  Probe  
  32  11:49  Stalker  
  32  11:50  Stalker x2  
  38  12:05  Adept x3  
  45  12:08  Observer (Chrono Boost)  
  41  12:27  Stalker x2  
  41  12:28  Observer (Chrono Boost)  
  41  12:38  Probe  
  41  12:39  Probe  
  43  12:53  Pylon  
  43  13:10  Adept x2  
  47  13:21  Observer (Chrono Boost)  
  38  13:37  Observer  
Show
View Real Time Build Order
Export as new Build Order

Jhyrachy Zerg - Winner!

Build Orders: Hatch First 

Get SALT Encoding   

  12  0:02  Drone  
  13  0:11  Drone  
  14  0:17  Overlord  
  14  0:36  Drone  
  14  0:37  Drone x2  
  17  0:58  Hatchery  
  17  1:03  Drone  
  17  1:05  Drone  
  17  1:06  Extractor  
  17  1:10  Drone  
  18  1:26  Spawning Pool  
  18  1:27  Drone  
  18  1:31  Drone  
  19  1:42  Drone  
  20  1:56  Drone  
  21  2:05  Hatchery  
  21  2:07  Drone  
  21  2:13  Overlord  
  21  2:17  Queen  
  23  2:30  Queen  
  23  2:34  Drone  
  23  2:35  Drone  
  23  2:36  Drone  
  28  2:46  Zergling x2  
  28  2:47  Zergling x4  
  28  2:48  Zergling x2  
  32  2:57  Overlord  
  32  3:11  Queen  
  34  3:13  Drone x2  
  34  3:16  Lair  
  36  3:37  Drone  
  36  3:38  Drone x8  
  45  3:53  Extractor, Drone x5  
  45  3:54  Drone  
  50  4:00  Extractor  
  49  4:03  Extractor  
  48  4:43  Drone  
  48  4:44  Drone  
  48  4:45  Overlord x3  
  50  4:52  Infestation Pit  
  49  4:55  Evolution Chamber  
  49  4:56  Evolution Chamber  
  47  5:03  Queen  
  47  5:04  Queen  
  47  5:06  Drone  
  47  5:07  Drone x13  
  65  5:23  Zerg Ground Armor Level 1, Zerg Melee Weapons Level 1  
  65  5:29  Hive  
  65  6:07  Extractor  
  65  6:09  Drone x2  
  65  6:10  Drone, Extractor  
  66  6:11  Drone x2  
  66  6:12  Drone  
  66  6:13  Drone  
  66  6:15  Drone  
  66  6:18  Drone x3  
  73  6:19  Overlord  
  73  6:20  Overlord x3  
  74  6:47  Ultralisk Cavern  
  74  6:51  Overlord x4  
  73  7:22  Zerg Melee Weapons Level 2  
  73  7:23  Zerg Ground Armor Level 2  
  73  7:28  Hatchery  
  72  7:41  Overlord x4, Burrow  
  72  7:42  Overlord x2  
  72  7:56  Chitinous Plating  
  78  7:58  Ultralisk  
  78  7:59  Ultralisk x7  
  120  8:43  Pneumatized Carapace  
  120  8:50  Overseer  
  120  8:51  Overseer x3  
  120  9:01  Metabolic Boost  
  120  9:05  Drone  
  120  9:06  Drone x12  
  120  9:07  Drone x3  
  136  9:25  Extractor  
  135  9:43  Extractor  
  134  9:49  Drone x2  
  134  9:50  Drone x2  
  134  9:52  Ultralisk x2  
  168  9:53  Ultralisk x5  
  180  10:19  Adrenal Glands  
  178  10:58  Spore Crawler x2  
  178  10:59  Spore Crawler x2  
  178  11:00  Spore Crawler  
  173  11:11  Zerg Melee Weapons Level 3  
  173  11:12  Zerg Ground Armor Level 3  
  137  11:42  Queen  
  137  12:01  Ultralisk  
  137  12:02  Ultralisk  
  137  12:03  Overlord x3  
  137  12:04  Overlord  
  143  12:10  Drone  
  143  12:12  Drone x15  
  143  12:29  Hatchery  
  142  12:33  Ultralisk x6  
  178  12:59  Spore Crawler  
  178  13:00  Spore Crawler x2  
  178  13:01  Spore Crawler  
  162  14:30  Ultralisk  
  162  14:31  Ultralisk x2  
  180  14:32  Overlord  
  180  14:33  Overlord x2  
  174  14:46  Ultralisk  
Show
View Real Time Build Order
Export as new Build Order

TheBest Terran - Winner!

Build Orders: Command Center First (CC), MMM Bio 

Get SALT Encoding   

  12  0:01  SCV  
  13  0:13  SCV  
  14  0:19  Supply Depot  
  14  0:25  SCV  
  15  0:41  SCV  
  16  0:53  SCV  
  17  1:04  Command Center  
  17  1:08  SCV  
  18  1:20  SCV  
  18  1:24  Barracks  
  19  1:32  SCV  
  19  1:37  Supply Depot  
  20  1:45  SCV  
  21  1:54  Barracks  
  21  1:57  SCV  
  22  2:17  Supply Depot  
  22  2:20  Orbital Command  
  22  2:24  Marine  
  22  2:30  Orbital Command  
  23  2:43  Barracks  
  23  2:46  Barracks  
  23  2:50  SCV  
  24  2:57  SCV  
  25  3:02  SCV  
  26  3:06  Refinery x2  
  26  3:09  Marine x2, SCV  
  29  3:14  SCV  
  29  3:32  Marine x2  
  29  3:33  Marine x2  
  27  3:50  Marine x2  
  27  3:56  SCV x2  
  27  4:08  SCV  
  27  4:09  SCV  
  29  4:16  Marine x3  
  29  4:17  Marine  
  32  4:20  SCV  
  32  4:21  SCV  
  35  4:29  Refinery  
  35  4:33  Refinery, SCV x2  
  35  4:34  Marine x4  
  41  4:45  SCV x2  
  43  4:52  Marine x2, Engineering Bay  
  46  4:55  Barracks Tech Lab, Engineering Bay  
  46  4:57  SCV  
  46  4:58  Barracks Tech Lab  
  46  5:00  SCV  
  47  5:08  Barracks  
  47  5:09  SCV  
  47  5:10  Marine x2, Barracks  
  47  5:12  SCV  
  51  5:19  Combat Shields  
  51  5:21  SCV, Stimpack  
  52  5:24  SCV  
  53  5:31  Terran Infantry Weapons Level 1  
  53  5:38  Supply Depot  
  53  5:39  Supply Depot, SCV  
  54  5:43  Terran Infantry Armor Level 1  
  54  6:00  Marauder x2, SCV  
  54  6:01  Barracks Reactor x2  
  59  6:04  Barracks Reactor  
  59  6:18  SCV x2  
  61  6:22  Marauder x2  
  65  6:25  Supply Depot  
  65  6:30  Factory  
  65  6:37  Missile Turret  
  65  6:45  Missile Turret  
  65  6:49  Supply Depot  
  65  6:57  Missile Turret  
  65  7:05  Missile Turret  
  65  7:12  Supply Depot  
  65  7:16  Barracks Reactor  
  65  7:18  Missile Turret  
  65  7:21  Marine x4  
  69  7:26  Missile Turret  
  69  7:29  Marine x4  
  73  7:31  Hi-Sec Auto Tracking  
  73  7:35  Widow Mine  
  73  7:36  Supply Depot  
  75  7:39  Marine x4  
  75  7:40  Armory  
  79  7:46  Starport, Marine  
  79  7:47  Marine x3  
  83  7:55  Marine x2  
  83  7:56  Marine  
  83  7:57  Marine x3  
  89  7:59  Supply Depot  
  89  8:03  Widow Mine  
  89  8:04  Marine  
  89  8:05  Marine x2  
  93  8:10  SCV  
  95  8:14  Marine  
  95  8:15  Concussive Shells, Marine x3  
  95  8:19  Marine  
  99  8:20  Marine  
  99  8:22  SCV x2  
  99  8:23  Supply Depot  
  103  8:33  Marauder x2  
  107  8:34  SCV, Terran Infantry Weapons Level 2  
  107  8:35  Terran Infantry Armor Level 2  
  107  8:38  Medivac  
  110  8:46  SCV, Supply Depot  
  110  8:47  Supply Depot  
  111  9:08  Command Center, Medivac  
  113  9:10  Supply Depot x2  
  112  9:30  Marine x2  
  112  9:31  Marine x6  
  116  9:32  Marine x2  
  116  9:33  Supply Depot  
  122  9:41  Terran Vehicle Weapons Level 1  
  122  9:42  Medivac  
  124  9:48  Marine  
  125  9:57  Marine  
  125  9:58  Marine x8  
  134  10:06  Marine  
  135  10:07  Supply Depot  
  135  10:12  Medivac  
  137  10:15  Marine  
  137  10:16  Marine x6  
  144  10:21  Marine  
  144  10:22  Marine  
  144  10:24  Marine  
  147  10:29  Supply Depot  
  147  10:33  Marine  
  147  10:34  Marine x4  
  152  10:40  Marine  
  152  10:41  Marine x3  
  152  10:42  Marine, Medivac  
  159  10:51  Marine x3  
  159  11:33  Marine  
  159  11:34  Marine x8  
  159  11:35  Marine  
  169  11:51  Marine  
  169  11:52  Marine x9  
  159  12:09  Marine  
  159  12:10  Marine x2  
  159  12:11  Marine  
  159  12:12  Marine x6  
  169  12:24  Missile Turret  
  169  12:27  Marine x2  
  169  12:28  Marine  
  169  12:29  Marine  
  173  12:30  Marine x3  
Show
View Real Time Build Order
Export as new Build Order

Konrad Protoss - Winner!

Build Orders: Nexus First 

Get SALT Encoding   

  12  0:03  Probe (Chrono Boost)  
  13  0:13  Probe (Chrono Boost)  
  14  0:20  Pylon  
  14  0:24  Probe (Chrono Boost)  
  15  0:38  Probe (Chrono Boost)  
  16  0:48  Probe (Chrono Boost)  
  17  1:02  Nexus  
  17  1:06  Probe (Chrono Boost)  
  18  1:16  Probe (Chrono Boost)  
  19  1:23  Assimilator  
  19  1:27  Probe (Chrono Boost)  
  19  1:29  Assimilator  
  20  1:37  Probe (Chrono Boost), Gateway  
  21  1:45  Forge  
  21  1:48  Probe (Chrono Boost)  
  22  1:59  Probe (Chrono Boost)  
  23  2:07  Gateway  
  23  2:14  Probe (Chrono Boost)  
  24  2:22  Pylon  
  24  2:25  Probe (Chrono Boost)  
  24  2:29  Probe (Chrono Boost)  
  26  2:35  Probe (Chrono Boost)  
  27  2:40  Probe (Chrono Boost)  
  28  2:46  Probe (Chrono Boost)  
  28  2:48  Cybernetics Core  
  28  2:50  Probe (Chrono Boost)  
  30  2:56  Probe (Chrono Boost)  
  31  3:01  Probe (Chrono Boost)  
  32  3:07  Probe (Chrono Boost)  
  32  3:11  Probe (Chrono Boost)  
  32  3:12  Gateway  
  34  3:14  Gateway  
  34  3:17  Probe (Chrono Boost)  
  35  3:22  Probe (Chrono Boost)  
  36  3:27  Photon Cannon  
  36  3:28  Probe (Chrono Boost)  
  36  3:33  Photon Cannon  
  37  3:40  Warp Gate (Chrono Boost)  
  37  3:52  Photon Cannon  
  37  3:53  Probe  
  38  3:57  Photon Cannon  
  38  4:04  Probe  
  39  4:10  Twilight Council  
  39  4:14  Probe  
  39  4:15  Stalker x3  
  46  4:18  Pylon  
  46  4:20  Pylon  
  46  4:36  Stalker  
  46  4:37  Pylon  
  48  4:39  Pylon  
  48  4:44  Robotics Facility  
  48  4:46  Probe  
  48  4:50  Assimilator  
  48  4:51  Assimilator, Charge  
  49  4:57  Probe  
  50  5:01  Gateway  
  50  5:03  Gateway  
  50  5:07  Probe  
  51  5:18  Probe  
  52  5:28  Probe  
  52  5:33  Warp Prism (Chrono Boost)  
  55  5:39  Probe  
  56  5:48  Gateway  
  56  5:50  Gateway  
  56  6:06  Probe  
  57  6:12  Nexus  
  57  6:15  Pylon  
  57  6:17  Pylon  
  57  6:19  Probe x2  
  59  6:30  Probe  
  59  6:31  Probe  
  61  6:40  Probe  
  61  6:43  Probe  
  61  6:45  Dark Shrine  
  63  6:51  Protoss Ground Weapons Level 1 (Chrono Boost), Probe  
  63  6:54  Dark Shrine  
  64  6:55  Probe, Gateway  
  64  6:58  Gateway  
  64  7:00  Forge, Gateway  
  65  7:01  Probe  
  66  7:08  Blink  
  66  7:10  Warp Prism (Chrono Boost)  
  68  7:42  Warp Prism  
  70  7:56  Stalker x4  
  70  7:57  Stalker x4  
  76  8:23  Dark Templar x6  
  76  8:24  Dark Templar x3  
  82  8:37  Protoss Ground Armor Level 1 (Chrono Boost)  
  70  8:48  Dark Templar x2  
  72  8:58  Zealot x2  
  72  8:59  Zealot x6  
  72  9:00  Zealot  
  68  9:19  Probe  
  69  9:28  Assimilator  
  69  9:30  Assimilator, Probe  
  70  9:40  Probe  
  71  9:48  Pylon  
  71  9:51  Probe, Pylon  
  71  9:54  Pylon  
  72  10:00  Pylon  
  72  10:02  Probe  
  72  10:03  Pylon  
  72  10:05  Pylon  
  70  10:08  Dark Templar x4  
  70  10:09  Dark Templar x3  
  79  10:24  Dark Templar x2  
  46  10:50  Stalker x2  
  46  10:51  Stalker x3  
  56  11:23  Dark Templar x2  
  60  11:35  Observer  
  59  11:53  Zealot x3  
  59  11:54  Zealot x5  
  67  11:55  Zealot  
  77  12:10  Assimilator  
  77  12:44  Nexus  
  77  12:51  Pylon  
  77  12:53  Pylon  
  77  12:54  Pylon  
  77  12:57  Pylon  
  77  12:59  Pylon  
  77  13:01  Pylon  
  77  13:03  Pylon  
  75  13:27  Stalker  
  75  13:28  Stalker x4  
  75  13:29  Stalker x4  
  73  15:01  Dark Templar x4  
  73  15:02  Dark Templar x4  
Tags
 
Add a new tag
Caveats
  • Supply blocks, unpowered buildings, or Contaminate may cause inaccurate times.
  • Supply counts are checked every 10 seconds.